 Dungeon Crawl Stone Soup version 0.29.1-2-gbd0b4ee654 (webtiles) character file.

Game seed: 12948992441935265459

58 Icepheonix32 the Grave Robber (level 3, -1/19 HPs)
             Began as a Deep Elf Necromancer on Nov 1, 2022.
             Slain by an orc
             ... wielding a +0 falchion
              (3 damage)
             ... on level 3 of the Dungeon.
             The game lasted 00:03:21 (2894 turns).

Icepheonix32 the Grave Robber (DENe)                Turns: 2894, Time: 00:03:21

Health: -1/19      AC:  5    Str:  7    XL:     3   Next: 76%
Magic:  4/9        EV: 12    Int: 19    God:
Gold:   133        SH:  0    Dex: 15    Spells: 7/8 levels left

rFire   . . .      SeeInvis +   h - +0 dagger
rCold   . . .      Faith    .   (no shield)
rNeg    . . .      Spirit   .   a - +0 robe
rPois   .          Reflect  .   (no helmet)
rElec   .          Harm     .   (no cloak)
rCorr   +          Rampage  .   n - +0 pair of gloves
Will    .....                   r - +1 pair of boots
Stlth   ++........              (no amulet)
HPRegen 0.06/turn               c - ring of see invisible
MPRegen 0.11/turn               d - ring of resist corrosion

@: mighty
A: no striking features
a: no special abilities


You were on level 3 of the Dungeon.
You visited 1 branch of the dungeon, and saw 3 of its levels.

You collected 133 gold pieces.

Inventory:

Hand Weapons
 g - a +0 short sword
 h - a +0 dagger (weapon)
 o - a +0 dagger
Missiles
 e - 4 boomerangs
Armour
 a - a +0 robe (worn)
 n - a +0 pair of gloves (worn)
 r - a +1 pair of boots (worn)
Jewellery
 c - a ring of see invisible (left hand)
 d - a ring of resist corrosion (right hand)
Scrolls
 f - a scroll of identify {unknown}
 i - a scroll of torment {unknown}
 k - a scroll of noise {unknown}
 l - a scroll of magic mapping {unknown}
 m - a scroll of teleportation {unknown}
 s - a scroll of enchant armour {unknown}
Potions
 b - a potion of magic
 p - a potion of heal wounds {unknown}
 q - a potion of attraction {unknown}


   Skills:
 - Level 2.4 Dodging
 - Level 2.4 Stealth
 - Level 3.0 Spellcasting
 + Level 6.6 Necromancy


You had 7 spell levels left.
You knew the following spells:

 Your Spells              Type           Power      Damage    Failure   Level
a - Necrotise             Necr           100%       1d9       1%          1

Your spell library contained the following spells:

 Spells                   Type           Power      Damage    Failure   Level
 Vampiric Draining        Necr           28%        2d8       3%          3
 Animate Dead             Necr           28%        N/A       10%         4
 Agony                    Necr           28%        N/A       28%         5
 Call Canine Familiar     Summ           2%         N/A       41%         3
 Portal Projectile        Hex/Tloc       4%         N/A       41%         3
 Leda's Liquefaction      Hex/Erth       1%         N/A       83%         4


Dungeon Overview and Level Annotations

Branches:
Dungeon (3/15)

Altars:
Zin

Shops:
D:2 (


Message History

The orc writhes in agony!
You kill the orc!
The dead are walking!
An orc wizard comes into view. It is wielding a +0 dagger.
The giant cockroach writhes in agony.
The giant cockroach bites you but does no damage.
The giant cockroach writhes in agony.
Your orc skeleton hits the orc.
The giant cockroach bites you but does no damage.
The orc wizard mumbles some strange words.
The orc wizard flickers and vanishes for a moment.
The orc barely misses you.
The giant cockroach writhes in agony.
You kill the giant cockroach!
Your orc skeleton closely misses the orc.
The orc wizard points at you and mumbles some strange words.
The puff of flame hits you.
* * * LOW HITPOINT WARNING * * *
The orc misses you.
An orc comes into view. It is wielding a +0 club.
Your orc skeleton barely misses the orc.
Your orc skeleton closely misses the orc wizard.
The orc attacks as you move away! The orc closely misses you.
Found a stone staircase leading down.
The orc attacks as you move away! The orc misses you.
Something hits your orc skeleton.
The orc wizard hits your orc skeleton with a +0 dagger.
Your orc skeleton is destroyed!
Unknown command.
You hit the orc.
The orc is severely wounded.
The orc hits you with a +0 falchion.
* * * LOW HITPOINT WARNING * * *
You barely miss the orc.
The orc is severely wounded.
The orc barely misses you.
Unknown command.
It was a potion of might.
You feel very mighty all of a sudden. The orc hits you with a +0 falchion.
You die...

.# # .##.# >.#.# ....
. # ..###. #.#
#####.######.........
.......@ooo.# ..#.#
.####.#####o####......
#.#......o.)...#
#.#.###.oo.....#
###.#.# #..!.....#
..#.#.# #.#####..#
#.#.#.# #.# ..#
#.#.#.# #.# ...
#.####.#.#.###.# ..###


You could see 2 orc wizards and 2 orcs.

Vanquished Creatures
  An adder (D:2)
  2 dart slugs (D:1)
  An orc (D:3)
  6 ball pythons
  4 endoplasms
  2 giant cockroaches
  A hobgoblin (D:3)
  2 kobolds
  6 quokkas
  6 bats
  3 frilled lizards (D:1)
  4 goblins
  5 rats
43 creatures vanquished.

Vanquished Creatures (collateral kills)
  A frilled lizard (D:1)
1 creature vanquished.

Vanquished Creatures (others)
  2 plants (D:2)
2 creatures vanquished.

Grand Total: 46 creatures vanquished

Notes
Turn   | Place    | Note
-------+----------+-------------------------------------------
     0 | D:1      | Icepheonix32 the Deep Elf Necromancer began the quest for
                  | the Orb.
     0 | D:1      | Reached XP level 1. HP: 10/10 MP: 6/6
    78 | D:1      | Reached skill level 5 in Necromancy
   337 | D:1      | Reached XP level 2. HP: 15/15 MP: 5/8
   425 | D:1      | Found a faded altar of an unknown god.
   809 | D:1      | Reached skill level 6 in Necromancy
   878 | D:1      | Reached XP level 3. HP: 19/19 MP: 7/9
  1360 | D:2      | Found a glowing silver altar of Zin.
  1925 | D:2      | Found Diemoiw's Antique Weapon Boutique.
  2894 | D:3      | Slain by an orc

Illustrated notes

Levels and vault maps discovered:
D:1:      dpeg_arrival_chambers_temple_mockup, layout_basic,
          shapermc_ecumenical_altar_totnotflames, minmay_close_crescents
D:2:      layout_basic, basic_altar, serial_shops,
          nicolae_shop_overgrown_old_shop
D:3:      layout_loops_ring, reono_crystal_passage

Skill      XL: |  1  2 |
---------------+-------+-----
Necromancy     | 5 6 |  6.6
Dodging        | |  2.4
Stealth        | |  2.4
Spellcasting   | |  3.0

Action                   || total
-------------------------++-------
Melee: Unarmed           ||     1
       Dagger            ||    10
 Cast: Necrotise         ||    72
  Use: Potion            ||     1
 Stab: Sleeping          ||     1
Armor: Robe              ||     4
Dodge: Dodged            ||    19
